 Dungeon Crawl Stone Soup version 0.28-a0-511-gcc94558de3 (webtiles) character file.

Game seed: 10252218025541235147

7431 robertstho the Thaumaturge (level 11, -21/79 HPs)
             Began as a Djinni Fire Elementalist on Sept 21, 2021.
             Was an Initiate of Gozag.
             Shot with an arrow by a centaur warrior (28 damage)
             ... on level 9 of the Dungeon.
             The game lasted 00:18:32 (11865 turns).

robertstho the Thaumaturge (DjFE)                  Turns: 11865, Time: 00:18:32

Health: -21/79     AC:  2    Str:  8    XL:     11   Next: 37%
Gold:   198        EV: 15    Int: 19    God:    Gozag SH:  7 Dex: 14

rFire   + + .      SeeInvis +   c - +2 whip (elec)
rCold   x . .      Faith    .   n - +0 kite shield
rNeg    . . .      Spirit   .   a - +0 robe
rPois   ∞          Reflect  .   (no helmet)
rElec   +          Harm     .   (no cloak)
rCorr   .          Rampage  .   (no gloves)
Will    +....                   (boots unavailable)
Stlth   +++.......              (no amulet)
HPRegen 0.23/turn               l - +4 ring of evasion
MPRegen 0.00/turn               f - ring of the Amoeba {rElec SInv}

@: gold aura, flying, studying Fighting
A: sickness immunity, fire resistance 2, cold vulnerability 1, float, innate
caster, hp casting, extra vitality 1
a: Renounce Religion, Potion Petition, Call Merchant, Bribe Branch


You were on level 9 of the Dungeon.
You worshipped Gozag.
Gozag was aware of your devotion.
You visited 2 branches of the dungeon, and saw 10 of its levels.
You also visited: Ossuary.

You collected 913 gold pieces.
You spent 622 gold pieces at shops.
You paid 93 gold pieces to Gozag.

Inventory:

Hand Weapons
 b - a +0 dagger
 c - a +2 whip of electrocution (weapon)
 F - a +2 great sword of holy wrath
Missiles
 e - 4 throwing nets
Armour
 a - a +0 robe (worn)
 n - a +0 kite shield (worn)
Jewellery
 f - the ring of the Amoeba (right hand) {rElec SInv}
   (You acquired it on level 8 of the Dungeon)

   [ring of see invisible]

   rElec:     It insulates you from electricity.
   SInv:      It lets you see invisible.
 l - a +4 ring of evasion (left hand)
 o - a +6 ring of strength
 y - a ring of protection from fire
Wands
 p - a wand of charming (16)
 A - a wand of iceblast (13)
Scrolls
 d - a scroll of holy word
 g - 2 scrolls of vulnerability
 h - 3 scrolls of fog
 j - 4 scrolls of magic mapping
 k - 2 scrolls of fear
 m - 3 scrolls of enchant armour
 v - 3 scrolls of teleportation
 x - 3 scrolls of enchant weapon
 E - 4 scrolls of blinking
Potions
 i - a potion of brilliance {unknown}
 q - 4 potions of curing
 r - 5 potions of lignification {unknown}
 s - a potion of attraction {unknown}
 t - a potion of berserk rage
 u - 2 potions of degeneration {unknown}
 w - 2 potions of heal wounds
 z - a potion of might
 B - 3 potions of haste
 C - 4 potions of flight
 D - a potion of mutation


   Skills:
 * Level 7.3 Fighting
 + Level 3.3 Maces & Flails
 * Level 6.7 Armour
 + Level 4.9 Dodging
 + Level 4.3 Stealth
 + Level 0.6 Shields
 + Level 9.3 Spellcasting


You couldn't memorise any spells.
You knew the following spells:

 Your Spells              Type           Power      Damage    Failure   Level
a - Foxfire               Conj/Fire      100%       2x1d9     1%          1
b - Scorch                Fire           88%        2d9       1%          2
c - Conjure Flame         Conj/Fire      44%        6-21      3%          3
d - Inner Flame           Hex/Fire       44%        N/A       3%          3
e - Flame Wave            Conj/Fire      44%        3d9       11%         4
f - Beastly Appendage     Tmut           88%        N/A       1%          1
g - Passwall              Tmut/Erth      36%        N/A       1%          2
h - Spider Form           Tmut/Pois      22%        N/A       3%          3
i - Summon Lightning Spi  Summ/Air       44%        N/A       11%         4
j - Manifold Assault      Tloc           44%        N/A       30%         5
Your spell library was empty.

Dungeon Overview and Level Annotations

Branches:
Dungeon (9/15)             Temple (1/1) D:5         Ossuary (visited)
   Lair: D:8-11         Orc: D:9-12

Altars:
Ashenzari
Dithmenos
Elyvilon
Fedhas
Gozag
Hepliaklqana
Kikubaaqudgha
Makhleb
Nemelex Xobeh
Okawaru
Qazlal
Sif Muna
Trog
Uskayaw
Vehumet
Wu Jian
Xom
Yredelemnul
Zin
The Shining One

Shops:
D:7 *   D:8 *


Innate Abilities, Weirdness & Mutations

You are immune to sickness and miasma.
You are immune to poison.
Your flesh is very heat resistant. (rF++)
You are vulnerable to cold. (rC-)
You float through the air rather than walking.
You learn spells naturally, not from books.
Your magical power is your life essence.
You have superior vitality. (+4 HP)


Message History

Unknown command.
Casting: Scorch (safe; 1% risk of failure)
Confirm with . or Enter, or press ? or * to list all spells.
Flames lash the two-headed ogre.
The two-headed ogre is burned terribly!
The two-headed ogre is heavily wounded.
The two-headed ogre is no longer more vulnerable to fire.
Your lightning spire shoots out a bolt of lightning at the two-headed ogre!
The bolt of electricity hits the two-headed ogre!!
Casting: Scorch (safe; 1% risk of failure)
Confirm with . or Enter, or press ? or * to list all spells.
Flames lash the two-headed ogre.
You kill the two-headed ogre!
Your lightning spire shoots out a bolt of lightning at the centaur warrior!
The bolt of electricity hits the centaur warrior!
Unknown command.
Casting: Scorch (safe; 1% risk of failure)
Confirm with . or Enter, or press ? or * to list all spells.
Flames lash the centaur warrior.
The centaur warrior is heavily wounded.
The centaur warrior's fire resistance burns away.
The centaur warrior wields a +0 longbow.
The centaur warrior shoots an arrow.
The arrow hits your lightning spire!
Your lightning spire is destroyed!
Your lightning spire disappears in a puff of smoke!
The centaur warrior shoots an arrow.
The arrow hits you!!
Casting: Scorch (safe; 1% risk of failure)
Confirm with . or Enter, or press ? or * to list all spells.
An electric hum fills the air.
The centaur warrior shoots an arrow.
The arrow hits you.
The cyclops is distracted by your dazzling golden aura.
Casting: Summon Lightning Spire (dangerous; 11% risk of failure)
Confirm with . or Enter, or press ? or * to list all spells.
Flames lash the centaur warrior.
The centaur warrior is burned terribly!
The centaur warrior is heavily wounded.
The cyclops shouts!
The centaur warrior shoots an arrow.
The arrow hits you!!
* * * LOW HITPOINT WARNING * * *
The centaur warrior shoots an arrow.
The arrow hits you!!
You die...
Your body crumbles into a pile of gold.

#..$........####.......# #..
#..........#...#.......# ###..
#..........##..........#####....
#........#..##.#.......##....#..
#.......###..##...........####..
#......##.##..##.......#### #..
#####.##..=##..##......# ###
##.##..#..##..##.##.## #
##.##..###..##@8##.#.# #
##.##..##$##.Z##§.##..# #
#.##..##[..C..:##c.##.#
#..##(.##..##[##..##.##
#.#.##..##..###..##...#
#....##..##..#..##....##########
###.#.##..##...##...............
#....##..##.##......##########
###...##..###.#.....# #


You could see a centaur warrior (combustible, ally target), a cyclops, a hornet
zombie and a friendly lightning spire (summoned).

Vanquished Creatures
  A two-headed ogre (D:9)
  Grinder (D:3)
  A hornet (D:7)
  2 yaks (D:9)
  2 water moccasins
  2 black bears
  A sky beast (D:7)
  A necrophage (D:4)
  10 ogres
  3 centaurs
  A phantom (D:5)
  A bullfrog (D:4)
  6 scorpions
  5 killer bees (D:8)
  A howler monkey (D:5)
  4 centaur zombies
  6 hounds
  An orc priest (D:6)
  A jelly (D:4)
  A bullfrog skeleton (D:6)
  A human zombie (Ossuary)
  A centaur skeleton (D:5)
  4 scorpion zombies (Ossuary)
  3 iguanas
  3 orc wizards
  3 mummies (Ossuary)
  8 gnolls (D:4)
  2 howler monkey skeletons
  7 adders
  A shadow imp (D:6)
  An adder skeleton (D:4)
  2 dart slugs
  25 orcs
  7 bats
  7 endoplasms
  3 giant cockroaches
  2 gnoll zombies (Ossuary)
  7 goblins
  20 hobgoblins
  9 jackals
  3 quokkas
  8 ball pythons
  5 frilled lizards
  A goblin zombie (Ossuary)
  3 hobgoblin zombies (Ossuary)
  11 kobolds
  3 kobold zombies (Ossuary)
  An orc zombie (Ossuary)
  4 rats
206 creatures vanquished.

Vanquished Creatures (collateral kills)
  2 two-headed ogres
  A deep elf pyromancer (D:9)
  2 yaks (D:9)
  A black bear (D:7)
  An orc warrior (D:6)
  An ogre (D:6)
  A kobold brigand (D:7)
  2 scorpions
  A howler monkey (D:7)
  A centaur zombie (D:8)
  2 orc priests (D:6)
  A human zombie (Ossuary)
  4 orc wizards
  4 scorpion zombies (Ossuary)
  8 orcs
  A goblin zombie (Ossuary)
  A hobgoblin zombie (Ossuary)
  2 kobolds (D:7)
36 creatures vanquished.

Vanquished Creatures (others)
  332 foxfires
  3 fungi (D:2)
  A plant (D:2)
336 creatures vanquished.

Grand Total: 578 creatures vanquished

Notes
Turn   | Place    | Note
-------+----------+-------------------------------------------
     0 | D:1      | robertstho the Djinni Fire Elementalist began the quest for
                  | the Orb.
     0 | D:1      | Reached XP level 1. HP: 15/15 MP: 0/0
   250 | D:1      | Reached XP level 2. HP: 20/21 MP: 0/0
  1004 | D:2      | Reached XP level 3. HP: 20/26 MP: 0/0
  1004 | D:2      | Learned a level 1 spell: Beastly Appendage
  1249 | D:2      | Reached skill level 3 in Spellcasting
  1617 | D:2      | Found a faded altar of an unknown god.
  1781 | D:2      | Reached skill level 1 in Fighting
  1785 | D:2      | Reached skill level 1 in Armour
  1785 | D:2      | Reached XP level 4. HP: 24/32 MP: 0/0
  2009 | D:2      | Found a shimmering altar of Xom.
  2348 | D:3      | You are sucked into a shaft and drop 2 floors!
  2348 | D:5      | Entered Level 5 of the Dungeon
  2473 | D:5      | Noticed an ogre
  2480 | D:5      | Killed an ogre
  2481 | D:5      | Reached XP level 5. HP: 29/37 MP: 0/0
  2481 | D:5      | Learned a level 2 spell: Passwall
  2490 | D:5      | Reached XP level 6. HP: 26/43 MP: 0/0
  2621 | D:5      | Reached skill level 1 in Maces & Flails
  2621 | D:5      | Reached skill level 4 in Spellcasting
  2665 | D:5      | Noticed an ogre
  2671 | D:5      | Killed an ogre
  2672 | D:5      | Reached XP level 7. HP: 16/49 MP: 0/0
  2672 | D:5      | Learned a level 3 spell: Spider Form
  2748 | D:5      | Found a sand-covered staircase.
  2946 | D:5      | Found a staircase to the Ecumenical Temple.
  2955 | Temple   | Entered the Ecumenical Temple
  3240 | D:5      | Reached skill level 5 in Spellcasting
  3702 | D:5      | Reached XP level 8. HP: 46/56 MP: 0/0
  4758 | D:4      | Reached skill level 6 in Spellcasting
  5046 | D:4      | Reached XP level 9. HP: 45/62 MP: 0/0
  5046 | D:4      | Learned a level 4 spell: Summon Lightning Spire
  5433 | D:4      | Found a large runed translucent door.
  5434 | D:4      | Found a large runed translucent door.
  5936 | D:4      | Found a stormy altar of Qazlal.
  5946 | D:4      | Found an ornate altar of the Wu Jian Council.
  6363 | D:3      | Noticed Grinder
  6370 | D:3      | Killed Grinder
  7403 | D:6      | Reached skill level 5 in Fighting
  7884 | D:6      | Reached skill level 5 in Armour
  7884 | D:6      | Reached XP level 10. HP: 53/70 MP: 0/0
  7991 | D:6      | Found a glowing golden altar of the Shining One.
  7991 | D:6      | Found an opulent altar of Gozag.
  8002 | D:6      | Became a worshipper of Gozag Ym Sagoz the Greedy
  8310 | D:7      | Found a sand-covered staircase.
  8415 | Ossuary  | Entered an ossuary
  8499 | Ossuary  | Reached skill level 7 in Spellcasting
  9623 | D:7      | Noticed a two-headed ogre
  9630 | D:7      | Killed a two-headed ogre
  9631 | D:7      | Reached skill level 8 in Spellcasting
 10010 | D:7      | Found Qullaywk's Island Escapes.
 10018 | D:7      | Bought a scroll of blinking for 112 gold pieces
 10018 | D:7      | Bought a potion of flight for 45 gold pieces
 10018 | D:7      | Bought a scroll of teleportation for 45 gold pieces
 10018 | D:7      | Bought 2 scrolls of fog for 60 gold pieces
 10018 | D:7      | Bought a scroll of teleportation for 45 gold pieces
 10430 | D:8      | Noticed a two-headed ogre
 10437 | D:8      | Killed a two-headed ogre
 10438 | D:8      | Reached XP level 11. HP: 12/78 MP: 0/0
 10438 | D:8      | Learned a level 5 spell: Manifold Assault
 10773 | D:8      | Found Osesteim's Assorted Antiques.
 10785 | D:8      | Bought a scroll of identify for 70 gold pieces
 10785 | D:8      | Bought a potion of heal wounds for 175 gold pieces
 10785 | D:8      | Bought a scroll of identify for 70 gold pieces
 10785 | D:8      | Identified 2 scrolls of acquirement
 10788 | D:8      | Acquired a manual of Fighting
 10791 | D:8      | Acquired the ring of the Amoeba {rElec SInv}
 11503 | D:9      | Reached skill level 9 in Spellcasting
 11796 | D:9      | Noticed a centaur warrior
 11796 | D:9      | Noticed a cyclops
 11824 | D:9      | Noticed a two-headed ogre
 11829 | D:9      | Noticed a deep elf pyromancer
 11858 | D:9      | Killed a deep elf pyromancer
 11862 | D:9      | Killed a two-headed ogre
 11865 | D:9      | Shot with an arrow by a centaur warrior

Illustrated notes

Levels and vault maps discovered:
D:1:      doesnt_arrival_eight_statues, layout_basic
D:2:      layout_rooms, shapermc_ecumenical_altar_mp_urbaneastern, basic_altar,
          kennysheep_generic_room_2
D:3:      layout_basic, uniq_grinder
D:4:      corexii_shantytown, layout_loops_ring, jmf_multi_god_temple2
D:5:      cheibrodos_quashed, layout_basic, minmay_temple_entry_large_hall,
          lightli_ossuary_entry_decrepit_ruins
D:6:      layout_rooms, gammafunk_temple_overflow_pools
D:7:      layout_basic, nicolae_ossuary_entry_monument, minmay_fountain_box,
          nicolae_island_escapes
D:8:      layout_cave_pools, serial_shops, shop, chequers_jeans,
          minmay_misc_feat_rows
D:9:      layout_roguey, david_lair_generic, minmay_diamond_spiral
Temple:   lightli_temple_of_artemis

Skill      XL: |  1  2  3  4  5  6  7  8  9 10 11 |
---------------+----------------------------------+-----
Spellcasting   | 3 4 5 6 8 9 |  9.3
Fighting       | 1 2 3 5 6 7 |  7.3
Armour         | 1 2 3 5 6 |  6.7
Stealth        | 2 3 4 |  4.3
Maces & Flails | 1 3 |  3.3
Dodging        | 3 4 |  4.9
Shields        | |  0.6

Action                   |  1- 3 |  4- 6 |  7- 9 | 10-12 || total
-------------------------+-------+-------+-------+-------++-------
Melee: Unarmed           |     2 |       |       |       ||     2
       Whip              |    14 |     4 |   108 |    18 ||   144
 Cast: Foxfire           |    71 |    30 |    38 |    46 ||   185
       Scorch            |     2 |    11 |    29 |    67 ||   109
       Flame Wave        |       |       |    32 |     7 ||    39
       Summon Lightning  |       |       |     5 |    16 ||    21
  Use: Potion            |       |     1 |     1 |     1 ||     3
       Scroll            |       |       |     8 |     9 ||    17
 Stab: Sleeping          |       |       |     3 |       ||     3
Armor: Robe              |     9 |     2 |    16 |     3 ||    30
Dodge: Dodged            |    19 |     9 |   116 |    49 ||   193
Block: Kite shield       |       |       |       |    16 ||    16

Table legend: (Time is in decaauts)
 A = Elapsed time spent in this place.
 B = Non-inter-level travel time spent in this place.
 C = Inter-level travel time spent in this place.
 D = Time resting spent in this place.
 E = Time spent auto-exploring this place.
 F = Levels seen in this place.
 G = Mean time per level.
                   A        B        C        D        E       F      G
               +--------+--------+--------+--------+--------+-----+--------+
         Total |  11887 |  11410 |    477 |   1053 |   8895 |  11 | 1080.6 |
       Dungeon |  10790 |  10333 |    457 |   1053 |   8014 |   9 | 1198.9 |
        Temple |    112 |     92 |     20 |      0 |     85 |   1 |  112.0 |
       Ossuary |    984 |    984 |      0 |      0 |    796 |   1 |  984.0 |
               +--------+--------+--------+--------+--------+-----+--------+

Top non-repeatable levels by time:
     D:5: 2179 daAuts
     D:4: 1760 daAuts
     D:2: 1323 daAuts
     D:7: 1130 daAuts
     D:8: 1025 daAuts
     D:1: 998 daAuts
     D:3: 992 daAuts
 Ossuary: 984 daAuts
     D:6: 960 daAuts
     D:9: 418 daAuts
  Temple: 112 daAuts
